 Dungeon Sprint DCSS version 0.27-a0-93-g19769c27d7 (webtiles) character file.

Game seed: 5263216640526350105

5008 rocky1 the Fighter (level 10, -1/119 HPs)
             Began as an Ogre Gladiator on Jan 17, 2021.
             Was a High Priest of Okawaru.
             Slain by a shadow wraith (16 damage)
             ... in the Dungeon (Sprint VII: "The Pits").
             The game lasted 00:09:52 (2795 turns).

rocky1 the Fighter (Ogre Gladiator)                 Turns: 2795, Time: 00:09:53

Health: -1/119     AC: 18    Str: 22    XL:     10   Next: 54%
Magic:  15/15      EV: 13    Int:  9    God:    Okawaru [*****.]
Gold:   0          SH:  0    Dex: 11    Spells: 9/9 levels left

rFire    . . .     SeeInvis .   v - +2 war axe (freeze)
rCold    . . .     Faith    .   (no shield)
rNeg     . . .     Spirit   .   f - +0 swamp dragon scales
rPois    +         Reflect  .   c - +0 hat
rElec    .         Harm     .   a - +0 cloak
rCorr    .         Rampage  .   (gloves unavailable)
Will     +....     NoTele   +   (boots unavailable)
Stlth    +.........             (no amulet)
HPRegen  0.29/turn              p - +3 ring of protection
MPRegen  0.14/turn              o - +3 ring of protection

@: very slightly contaminated, slowed, invisible (expiring), very slow
A: large, unfitting armour, tough skin 1
a: Renounce Religion, Heroism, Finesse


You were in the Dungeon.
You worshipped Okawaru.
Okawaru was extremely pleased with you.
You visited 1 branch

Inventory:

Hand Weapons
 q - a +1 flail of protection
 u - a +2 vorpal morningstar
 v - a +2 war axe of freezing (weapon)
Missiles
 d - 3 throwing nets (quivered)
 x - 5 curare-tipped darts
Armour
 a - a +0 cloak (worn)
 b - a +0 robe
 c - a +0 hat (worn)
 f - +0 swamp dragon scales (worn)
Jewellery
 o - a +3 ring of protection (right hand)
 p - a +3 ring of protection (left hand)
Scrolls
 j - a scroll of blinking
 l - 3 scrolls of remove curse
 m - 5 scrolls of amnesia
 n - a scroll of summoning
Potions
 e - 6 potions of curing
 g - 3 potions of haste
 h - 4 potions of magic
 k - a potion of invisibility
 r - 3 potions of heal wounds
 s - a potion of might
 t - 2 potions of mutation


   Skills:
 + Level 13.3 Fighting
 + Level 11.0(12.5) Axes
 + Level 9.6(11.3) Maces & Flails
 + Level 6.2 Throwing
 + Level 8.7 Armour
 + Level 10.0 Dodging
 + Level 7.0 Invocations


You had 9 spell levels left.
You didn't know any spells.
Your spell library was empty.

Dungeon Overview and Level Annotations

Branches:
Dungeon (1/1)

Altars:
Ashenzari
Cheibriados
Dithmenos
Elyvilon
Fedhas
Gozag
Hepliaklqana
Kikubaaqudgha
Makhleb
Nemelex Xobeh
Okawaru
Qazlal
Ru
Sif Muna
Trog
Uskayaw
Vehumet
Wu Jian
Xom
Yredelemnul
Zin
The Shining One
Beogh
Jiyva
Lugonu


Innate Abilities, Weirdness & Mutations

You are too large for most types of armour.
You have tough skin. (AC +1)


Message History

Something hits you but does no damage.
Unknown command.
You slice the wraith!!
You destroy the wraith!
Okawaru accepts your kill.
You completely miss something. You slash the phantom!
You destroy the phantom!
Okawaru accepts your kill. Something hits you!
* * * LOW HITPOINT WARNING * * *
Something drains your vigour!
You feel as though you will be slow longer.
Your base Axes skill increases to level 11!
Your Invocations skill increases to level 7!
Something is blocking the doorway!
Something hits you but does no damage. Something completely misses you.
Something is blocking the doorway!
You flicker for a moment.
Something hits you!
You die...

......##...###....###
......##..##........##
......##''#...#..#...#
########.............+
########''#...#..#...#
.#..[[##รท.##........##
.
.#..[[##...###....###...
.'..).##.....##..##.w...
.#..))###.....'.@(..(..#
.#..))# ###...'..[...###
####### ############


You could see a worm (wandering).

Vanquished Creatures
  A swamp dragon (D)
  A deep troll (D)
  An orc sorcerer (D)
  A molten gargoyle (D)
  A cane toad (D)
  2 freezing wraiths (D)
  A kobold demonologist (D)
  An ice devil (D)
  A jumping spider (D)
  A tyrant leech (D)
  3 blink frogs (D)
  A tarantella (D)
  A wraith (D)
  A warg (D)
  A floating eye (D)
  A necrophage (D)
  A phantom (D)
  A bullfrog (D)
  A gnoll sergeant (D)
  A crimson imp (D)
  A gnoll shaman (D)
  Crazy Yiuf (D)
  A mummy (D)
  7 gnolls (D)
  An adder (D)
  A river rat (D)
  An ooze (D)
  2 adder skeletons (D)
  A bat (D)
  A bat skeleton (D)
  A bat zombie (D)
  A giant cockroach (D)
  2 goblins (D)
  A hobgoblin (D)
  3 jackals (D)
  A jackal zombie (D)
  2 kobolds (D)
51 creatures vanquished.

Notes
Turn   | Place    | Note
-------+----------+-------------------------------------------
     0 | D        | rocky1 the Ogre Gladiator began the quest for the Orb.
     0 | D        | Reached XP level 1. HP: 22/22 MP: 1/1
    49 | D        | Found a bloodstained altar of Trog.
    49 | D        | Found a shimmering blue altar of Sif Muna.
    49 | D        | Found a viscous altar of Jiyva.
    49 | D        | Found a hazy altar of Hepliaklqana.
    49 | D        | Found an opulent altar of Gozag.
    50 | D        | Found a glowing golden altar of the Shining One.
    50 | D        | Found a glowing silver altar of Zin.
    50 | D        | Found a basalt altar of Yredelemnul.
    50 | D        | Found a shimmering altar of Xom.
    50 | D        | Found an ornate altar of the Wu Jian Council.
    50 | D        | Found a sacrificial altar of Ru.
    50 | D        | Found a stormy altar of Qazlal.
    50 | D        | Found an iron altar of Okawaru.
    50 | D        | Found a sparkling altar of Nemelex Xobeh.
    50 | D        | Found a burning altar of Makhleb.
    50 | D        | Found a blossoming altar of Fedhas.
    50 | D        | Found a white marble altar of Elyvilon.
    50 | D        | Found a shadowy altar of Dithmenos.
    50 | D        | Found a snail-covered altar of Cheibriados.
    52 | D        | Found a radiant altar of Vehumet.
    52 | D        | Found a corrupted altar of Lugonu.
    52 | D        | Found a roughly hewn altar of Beogh.
    53 | D        | Found a hide-covered altar of Uskayaw.
    53 | D        | Found an ancient bone altar of Kikubaaqudgha.
    53 | D        | Found a broken altar of Ashenzari.
    58 | D        | Became a worshipper of Warmaster Okawaru
    86 | D        | Reached skill level 3 in Fighting
    86 | D        | Reached skill level 1 in Maces & Flails
    86 | D        | Reached skill level 1 in Armour
    86 | D        | Reached XP level 2. HP: 11/31 MP: 2/2
   361 | D        | Noticed a floating eye
   364 | D        | Paralysed by a floating eye for 3 turns
   368 | D        | Reached skill level 4 in Fighting
   368 | D        | Reached XP level 3. HP: 31/39 MP: 3/3
   370 | D        | Paralysed by a floating eye for 3 turns
   374 | D        | Killed a floating eye
   375 | D        | Reached skill level 6 in Fighting
   375 | D        | Reached skill level 5 in Axes
   375 | D        | Reached XP level 4. HP: 43/52 MP: 4/4
   375 | D        | Reached XP level 5. HP: 49/59 MP: 5/5
   432 | D        | Reached * piety under Okawaru
   521 | D        | Reached skill level 7 in Fighting
   521 | D        | Reached skill level 5 in Dodging
   535 | D        | Reached XP level 6. HP: 15/71 MP: 6/6
   976 | D        | Noticed a molten gargoyle
   980 | D        | Killed a molten gargoyle
   980 | D        | Reached ** piety under Okawaru
   981 | D        | Reached skill level 9 in Fighting
   981 | D        | Reached skill level 5 in Armour
   981 | D        | Reached XP level 7. HP: 83/83 MP: 7/7
  1139 | D        | Noticed Crazy Yiuf
  1145 | D        | Killed Crazy Yiuf
  1145 | D        | Reached *** piety under Okawaru
  1159 | D        | Noticed a warg
  1159 | D        | Noticed a freezing wraith
  1166 | D        | Reached skill level 10 in Fighting
  1174 | D        | Killed a freezing wraith
  1175 | D        | Reached XP level 8. HP: 52/96 MP: 8/8
  1184 | D        | Reached **** piety under Okawaru
  1580 | D        | Noticed a jumping spider
  1580 | D        | Noticed a kobold demonologist
  1586 | D        | Noticed a ynoxinul
  1593 | D        | Killed a kobold demonologist
  1594 | D        | Reached skill level 11 in Fighting
  1613 | D        | Killed a jumping spider
  1613 | D        | Received a gift from Okawaru
  1614 | D        | Reached XP level 9. HP: 51/105 MP: 8/11
  1818 | D        | Noticed a swamp dragon
  1818 | D        | Noticed a cane toad
  1835 | D        | Killed a cane toad
  1873 | D        | Killed a swamp dragon
  1873 | D        | Received a gift from Okawaru
  1874 | D        | Reached skill level 12 in Fighting
  2020 | D        | Noticed an ice devil
  2026 | D        | Killed an ice devil
  2027 | D        | Reached skill level 10 in Axes
  2027 | D        | Reached skill level 5 in Invocations
  2027 | D        | Noticed an orc sorcerer
  2027 | D        | Noticed a freezing wraith
  2064 | D        | Killed a freezing wraith
  2064 | D        | Reached ***** piety under Okawaru
  2072 | D        | Killed an orc sorcerer
  2073 | D        | Reached XP level 10. HP: 26/117 MP: 12/14
  2474 | D        | Reached skill level 5 in Throwing
  2503 | D        | Reached skill level 13 in Fighting
  2780 | D        | Noticed a deep troll
  2788 | D        | Killed a deep troll
  2789 | D        | Reached skill level 10 in Dodging
  2795 | D        | Slain by a shadow wraith

Illustrated notes

Levels and vault maps discovered:
D:        pitsprint [storerooms_1, entrance_room_1, metal_vault_4, armoury_3,
          mini_pit_1, grid_room_1, main_hall_1, silver_pit, the_coven_3,
          the_vestibule_1, steel_vault_3, golden_pit, hallway_of_sentries,
          crystal_vault_2, iron_vault_2, final_vault]

Skill      XL: |  1  2  3  4  5  6  7  8  9 10 |
---------------+-------------------------------+-----
Dodging        | 3 4 5 7 8 9 10 | 10.0
Fighting       | 3 4 6 7 9 10 11 12 13 | 13.3
Maces & Flails | 1 3 4 6 7 8 9 |  9.6
Armour         | 1 3 4 5 6 7 8 |  8.7
Axes           | 4 5 6 7 8 9 10 11 | 11.0
Invocations    | 2 5 7 |  7.0
Throwing       | 4 6 |  6.2

Action                   |  1- 3 |  4- 6 |  7- 9 | 10-12 || total
-------------------------+-------+-------+-------+-------++-------
Melee: Hand axe          |    35 |    57 |    11 |       ||   103
       War axe           |     5 |       |       |    39 ||    44
       Flail             |       |       |    58 |     8 ||    66
       Punch             |       |       |     2 |       ||     2
Throw: Large rock        |       |       |     6 |     2 ||     8
Invok: Heroism           |       |       |     1 |       ||     1
  Use: Potion            |     1 |     5 |     2 |     3 ||    11
 Stab: Invisible         |       |       |       |     1 ||     1
Armor: Robe              |    18 |     7 |    13 |       ||    38
       Swamp dragon scal |       |       |    16 |    23 ||    39
Dodge: Dodged            |    28 |    30 |    36 |    34 ||   128

Table legend: (Time is in decaauts)
 A = Elapsed time spent in this place.
 B = Non-inter-level travel time spent in this place.
 C = Inter-level travel time spent in this place.
 D = Time resting spent in this place.
 E = Time spent auto-exploring this place.
 F = Levels seen in this place.
 G = Mean time per level.
                   A        B        C        D        E       F      G
               +--------+--------+--------+--------+--------+-----+--------+
         Total |   2834 |   2834 |      0 |   2047 |      0 |   1 | 2834.0 |
       Dungeon |   2834 |   2834 |      0 |   2047 |      0 |   1 | 2834.0 |
               +--------+--------+--------+--------+--------+-----+--------+

Top non-repeatable levels by time:
       D: 2834 daAuts
